Connexion

MONTREAL Canadiens vs FLORIDA Panthers

Created - 8 mars 2024 at 10:40

Goals
1 2 3 T
MONTREAL Canadiens 1 2 1 4
FLORIDA Panthers 3 2 2 7
Shots
1 2 3 T
MONTREAL Canadiens 9 11 10 30
FLORIDA Panthers 8 8 7 23

GoalsPenalties
1st period
1. MONTREAL Canadiens , Cam Atkinson 37 (Moritz Seider 29, Tyler Seguin 37) at 0:38
2. FLORIDA Panthers , Michael Bunting 7 (Cody Eakin 24, Jacob Trouba 20) at 1:54
3. FLORIDA Panthers , Jared Spurgeon 6 (Nikolay Goldobin 30, Noah Hanifin 43) at 14:40
4. FLORIDA Panthers , Nikolay Goldobin 30 (Jared Spurgeon 35, Noah Hanifin 44) at 16:09
Jared Spurgeon (FLO) for Roughing (Minor) at 2:09
Justin Faulk (MTL) for High sticking (Minor) at 17:21
2nd period
5. MONTREAL Canadiens , Matthew Benning 5 (Kyle Capobianco 27, Phil Kessel 11) at 3:38
6. FLORIDA Panthers , Barclay Goodrow 12 (Carter Verhaeghe 33) at 3:44
7. MONTREAL Canadiens , Tyler Seguin 23 (Cam Atkinson 42, Tyson Barrie 58) at 4:40
8. FLORIDA Panthers , Justin Scott 16 (Mikael Backlund 36, Jared Spurgeon 36) at 16:37
Mario Ferraro (FLO) for Holding (Minor) at 6:17
Jacob Trouba (FLO) for Hooking (Minor) at 15:21
Tyler Seguin (MTL) for Tripping (Minor) at 15:21
Kyle Capobianco (MTL) for Slashing (Minor) at 17:42
3rd period
9. FLORIDA Panthers , Nikolay Goldobin 31 (Kiril Kaprizov 26, Jared Spurgeon 37) at 2:02 (PP)
10. MONTREAL Canadiens , Cam Atkinson 38 (Dakota Mermis 30, Moritz Seider 30) at 4:41 (PP)
11. FLORIDA Panthers , Mikael Backlund 29 (Jared Spurgeon 38, Barclay Goodrow 18) at 19:46
Moritz Seider (MTL) for Tripping (Minor) at 0:04
Kiril Kaprizov (FLO) for Goalie Interference (Minor) at 3:09
Goalie Stats
Sergei Bobrovsky (MTL), 7 saves from 11 shots - (0,636), 23:44 minutes
Kevin Lankinen (MTL), 9 saves from 12 shots - (0,750), L, 21-16-3, 36:16 minutes
Jake Allen (FLO), 26 saves from 30 shots - (0,867), W, 7-10-2, 60:00 minutes
3 StarsOfficial
1 - Jared Spurgeon (FLO)
2 - Nikolay Goldobin (FLO)
3 - Noah Hanifin (FLO)
Referees : Dan O'Rourke and Chris Rooney
Linesman : Mike Cvik and Darren Gibbs
Game Note
Kevin Lankinen enters game at 3:44 of 2nd period
Finance
Level 1 -- Attendance: 5673 (94,55%) -- Ticket Income $737,490
Level 2 -- Attendance: 5274 (84,38%) -- Ticket Income $342,810
Level 3 -- Attendance: 1995 (99,75%) -- Ticket Income $99,750
Level 4 -- Attendance: 3892 (97,30%) -- Ticket Income $116,760
Luxury Box -- Attendance: 1000 (100,00%) -- Ticket Income $240,000
Game was played at the BankAtlantic Center.
Total Attendance: 17834 (92,64%)
Total Ticket Income: $1,536,810
Other Income: $307,362
Total Income: $1,844,172



Team Name Goals Shots Shots Attemp Shots Blocked PIM HIT PP PK FO%
MONTREAL Canadiens 4306978221 / 3 (33%)140%
FLORIDA Panthers 72348108201 / 3 (33%)160%

MONTREAL Canadiens
Player Name POS G A P +/- PIM HIT SHT SB MP PP MP PP SHT PK MP PK SHT FO% FOT
Boone JennerC/LW000-2023015:052:5610:0000% 0
Brett HowdenC/LW000100105:510:0000:00038% 8
Cam AtkinsonLW/RW2130013321:522:3412:15033% 3
Dakota MermisD011-4023118:482:3512:2300% 0
Evgeni MalkinC/RW000-2003019:292:3403:110100% 1
Isac LundestromC/LW000-2012012:100:0000:14067% 3
Jake GuentzelC/LW/RW000-2003015:052:5600:00026% 19
Joe VelenoC000-3011012:200:0000:00031% 13
Justin FaulkD000-5200020:372:5502:2900% 0
Kailer YamamotoC/LW/RW000-2011011:560:0000:0000% 1
Kyle CapobiancoD0110220014:560:0000:0000% 0
Matthew BenningD1010032116:380:0001:4100% 0
Michael PezzettaC/LW000102105:510:0000:0000% 0
Moritz SeiderD0222230022:272:3501:3000% 0
Patrick KaneC/RW0001004023:472:3412:59064% 11
Phil KesselC/RW011100006:490:0000:5800% 1
Tyler SeguinC/RW1121233021:492:5602:15044% 25
Tyson BarrieD0111010226:312:5503:4900% 0
FLORIDA Panthers
Player Name POS G A P +/- PIM HIT SHT SB MP PP MP PP SHT PK MP PK SHT FO% FOT
Barclay GoodrowLW/RW1121011015:090:0000:000100% 2
Carter VerhaegheC/RW0111003016:240:0001:1500% 1
Cody EakinC/LW0111001010:420:0000:18050% 10
Connor TimminsD0001010115:030:0000:0800% 0
Ian ColeD000-2000019:232:4001:5900% 0
Jacob TroubaD0111251015:250:0001:3400% 0
Jared Spurgeon D1454212425:033:1601:5000% 0
Justin ScottC/LW/RW101103109:462:4301:1100% 0
Kiril KaprizovLW0110204023:083:1312:4700% 1
Mario FerraroD000-2221519:292:4002:0600% 0
Mark ScheifeleC0000000024:073:1303:45053% 32
Michael BuntingLW1011002010:240:0000:000100% 2
Mikael BacklundC/LW1122022019:452:4301:11065% 26
Morgan GeekieC000000005:100:0000:00063% 8
Nikolay GoldobinLW/RW2130012019:053:1310:000100% 3
Noah HanifinD0224033025:343:1613:2300% 0
Rickard RakellC/LW/RW0001010013:402:4300:3300% 0
Taro HiroseLW000000005:100:0000:0000% 0



Play-by-Play

1st period


0:01 of 1st period - Tyler Seguin wins face-off versus Mark Scheifele in neutral zone.
0:01 of 1st period - Tyler Seguin is hit by Nikolay Goldobin.
0:12 of 1st period - Cam Atkinson is hit by Noah Hanifin and loses puck.
0:19 of 1st period - Shot by Cam Atkinson.
0:19 of 1st period - Shot Misses the Net.
0:30 of 1st period - Shot by Cam Atkinson.
0:30 of 1st period - Shot Misses the Net.
0:32 of 1st period - Shot by Tyler Seguin.
0:32 of 1st period - Shot Misses the Net.
0:38 of 1st period - Shot by Cam Atkinson.
0:38 of 1st period - Goal by Cam Atkinson - MONTREAL Canadiens : 1 - FLORIDA Panthers : 0.
0:39 of 1st period - Jake Guentzel wins face-off versus Mikael Backlund in neutral zone.
1:10 of 1st period - Shot by Carter Verhaeghe.
1:10 of 1st period - Stopped by Sergei Bobrovsky without a rebound.
1:11 of 1st period - Cody Eakin wins face-off versus Joe Veleno in MONTREAL Canadiens zone.
1:12 of 1st period - Shot by Rickard Rakell.
1:12 of 1st period - Shot Misses the Net.
1:54 of 1st period - Shot by Michael Bunting.
1:54 of 1st period - Goal by Michael Bunting - MONTREAL Canadiens : 1 - FLORIDA Panthers : 1.
1:55 of 1st period - Morgan Geekie wins face-off versus Brett Howden in neutral zone.
2:09 of 1st period - Minor Penalty to Jared Spurgeon for Roughing.
2:10 of 1st period - Mark Scheifele wins face-off versus Patrick Kane in FLORIDA Panthers zone.
3:08 of 1st period - Shot by Boone Jenner.
3:08 of 1st period - Shot Blocked by Mario Ferraro.
3:10 of 1st period - Shot by Tyler Seguin.
3:10 of 1st period - Shot Blocked by Mario Ferraro.
3:12 of 1st period - Shot by Boone Jenner.
3:12 of 1st period - Shot Misses the Net.
4:00 of 1st period - Shot by Dakota Mermis.
4:00 of 1st period - Stopped by Jake Allen without a rebound.
4:01 of 1st period - Patrick Kane wins face-off versus Mikael Backlund in FLORIDA Panthers zone.
4:36 of 1st period - Shot by Jacob Trouba.
4:36 of 1st period - Stopped by Sergei Bobrovsky without a rebound.
4:37 of 1st period - Barclay Goodrow wins face-off versus Joe Veleno in MONTREAL Canadiens zone.
5:30 of 1st period - Cam Atkinson is hit by Connor Timmins and loses puck.
5:55 of 1st period - Shot by Cam Atkinson.
5:55 of 1st period - Shot Misses the Net.
6:34 of 1st period - Shot by Kiril Kaprizov.
6:34 of 1st period - Stopped by Sergei Bobrovsky without a rebound.
6:35 of 1st period - Nikolay Goldobin wins face-off versus Brett Howden in MONTREAL Canadiens zone.
7:15 of 1st period - Icing by Jared Spurgeon .
7:16 of 1st period - Jake Guentzel wins face-off versus Mark Scheifele in FLORIDA Panthers zone.
7:27 of 1st period - Shot by Jake Guentzel.
7:27 of 1st period - Stopped by Jake Allen without a rebound.
7:28 of 1st period - Tyler Seguin wins face-off versus Mikael Backlund in FLORIDA Panthers zone.
7:49 of 1st period - Shot by Mikael Backlund.
7:49 of 1st period - Shot Misses the Net.
7:51 of 1st period - Shot by Ian Cole.
7:51 of 1st period - Shot Blocked by Dakota Mermis.
9:01 of 1st period - Shot by Boone Jenner.
9:01 of 1st period - Stopped by Jake Allen with a rebound.
9:04 of 1st period - Icing by Connor Timmins.
9:05 of 1st period - Cody Eakin wins face-off versus Joe Veleno in FLORIDA Panthers zone.
9:17 of 1st period - Off-side.
9:18 of 1st period - Mark Scheifele wins face-off versus Cam Atkinson in neutral zone.
9:25 of 1st period - Shot by Kiril Kaprizov.
9:25 of 1st period - Shot Misses the Net.
9:27 of 1st period - Shot by Noah Hanifin.
9:27 of 1st period - Stopped by Sergei Bobrovsky without a rebound.
9:28 of 1st period - Mark Scheifele wins face-off versus Joe Veleno in MONTREAL Canadiens zone.
9:44 of 1st period - Nikolay Goldobin is hit by Matthew Benning and loses puck.
9:53 of 1st period - Shot by Joe Veleno.
9:53 of 1st period - Stopped by Jake Allen without a rebound.
9:54 of 1st period - Michael Bunting wins face-off versus Cam Atkinson in FLORIDA Panthers zone.
10:13 of 1st period - Shot by Cam Atkinson.
10:13 of 1st period - Stopped by Jake Allen with a rebound.
10:15 of 1st period - Shot by Cam Atkinson.
10:15 of 1st period - Shot Misses the Net.
10:17 of 1st period - Shot by Tyler Seguin.
10:17 of 1st period - Shot Blocked by Connor Timmins.
10:40 of 1st period - Cody Eakin is hit by Moritz Seider and loses puck.
11:11 of 1st period - Shot by Jake Guentzel.
11:11 of 1st period - Stopped by Jake Allen without a rebound.
11:12 of 1st period - Mark Scheifele wins face-off versus Joe Veleno in FLORIDA Panthers zone.
11:20 of 1st period - Nikolay Goldobin is hit by Matthew Benning and loses puck.
11:37 of 1st period - Shot by Nikolay Goldobin.
11:37 of 1st period - Shot Misses the Net.
11:39 of 1st period - Shot by Kiril Kaprizov.
11:39 of 1st period - Shot Blocked by Matthew Benning.
11:44 of 1st period - Kiril Kaprizov is hit by Kyle Capobianco and loses puck.
11:51 of 1st period - Shot by Nikolay Goldobin.
11:51 of 1st period - Shot Misses the Net.
12:37 of 1st period - Barclay Goodrow is hit by Kailer Yamamoto and loses puck.
14:22 of 1st period - Shot by Patrick Kane.
14:22 of 1st period - Stopped by Jake Allen with a rebound.
14:36 of 1st period - Shot by Nikolay Goldobin.
14:36 of 1st period - Shot Blocked by Cam Atkinson.
14:38 of 1st period - Shot by Nikolay Goldobin.
14:38 of 1st period - Shot Blocked by Cam Atkinson.
14:40 of 1st period - Shot by Jared Spurgeon .
14:40 of 1st period - Goal by Jared Spurgeon - MONTREAL Canadiens : 1 - FLORIDA Panthers : 2.
14:41 of 1st period - Mikael Backlund wins face-off versus Brett Howden in neutral zone.
14:58 of 1st period - Shot by Brett Howden.
14:58 of 1st period - Stopped by Jake Allen with a rebound.
15:45 of 1st period - Off-side.
15:46 of 1st period - Mark Scheifele wins face-off versus Joe Veleno in neutral zone.
16:09 of 1st period - Shot by Nikolay Goldobin.
16:09 of 1st period - Goal by Nikolay Goldobin - MONTREAL Canadiens : 1 - FLORIDA Panthers : 3.
16:10 of 1st period - Cody Eakin wins face-off versus Tyler Seguin in neutral zone.
16:13 of 1st period - Shot by Rickard Rakell.
16:13 of 1st period - Shot Misses the Net.
16:23 of 1st period - Shot by Tyler Seguin.
16:23 of 1st period - Shot Misses the Net.
17:20 of 1st period - Nikolay Goldobin is hit by Tyson Barrie and loses puck.
17:21 of 1st period - Minor Penalty to Justin Faulk for High sticking.
17:22 of 1st period - Patrick Kane wins face-off versus Mark Scheifele in MONTREAL Canadiens zone.
17:37 of 1st period - Shot by Kiril Kaprizov.
17:37 of 1st period - Stopped by Sergei Bobrovsky without a rebound.
17:38 of 1st period - Mikael Backlund wins face-off versus Patrick Kane in MONTREAL Canadiens zone.
18:25 of 1st period - Evgeni Malkin is hit by Mikael Backlund and loses puck.
19:33 of 1st period - Icing by Jacob Trouba.
19:34 of 1st period - Mikael Backlund wins face-off versus Brett Howden in FLORIDA Panthers zone.
19:34 of 1st period - Mikael Backlund is hit by Michael Pezzetta.
19:37 of 1st period - Icing by Barclay Goodrow.
19:38 of 1st period - Mikael Backlund wins face-off versus Kailer Yamamoto in FLORIDA Panthers zone.
Goals for this period are 1 for MONTREAL Canadiens vs 3 for FLORIDA Panthers.
Shots for this period are 9 for MONTREAL Canadiens vs 8 for FLORIDA Panthers.

2nd period


0:01 of 2nd period - Mark Scheifele wins face-off versus Tyler Seguin in neutral zone.
0:29 of 2nd period - Shot by Kiril Kaprizov.
0:29 of 2nd period - Stopped by Sergei Bobrovsky without a rebound.
0:30 of 2nd period - Mikael Backlund wins face-off versus Jake Guentzel in MONTREAL Canadiens zone.
0:41 of 2nd period - Shot by Evgeni Malkin.
0:41 of 2nd period - Shot Misses the Net.
0:43 of 2nd period - Shot by Jake Guentzel.
0:43 of 2nd period - Shot Misses the Net.
0:45 of 2nd period - Shot by Boone Jenner.
0:45 of 2nd period - Deflect By Jake Guentzel.
0:45 of 2nd period - Shot Misses the Net.
0:47 of 2nd period - Shot by Boone Jenner.
0:47 of 2nd period - Shot Misses the Net.
0:49 of 2nd period - Shot by Justin Faulk.
0:49 of 2nd period - Shot Misses the Net.
0:51 of 2nd period - Shot by Boone Jenner.
0:51 of 2nd period - Shot Blocked by Mario Ferraro.
0:59 of 2nd period - Shot by Jake Guentzel.
0:59 of 2nd period - Shot Blocked by Mario Ferraro.
1:01 of 2nd period - Shot by Justin Faulk.
1:01 of 2nd period - Shot Misses the Net.
1:03 of 2nd period - Shot by Dakota Mermis.
1:03 of 2nd period - Shot Misses the Net.
1:05 of 2nd period - Shot by Dakota Mermis.
1:05 of 2nd period - Stopped by Jake Allen without a rebound.
1:06 of 2nd period - Mark Scheifele wins face-off versus Tyler Seguin in FLORIDA Panthers zone.
1:35 of 2nd period - Jared Spurgeon is hit by Cam Atkinson and loses puck.
2:01 of 2nd period - Connor Timmins is hit by Tyler Seguin and loses puck.
2:22 of 2nd period - Shot by Cody Eakin.
2:22 of 2nd period - Shot Misses the Net.
2:24 of 2nd period - Shot by Rickard Rakell.
2:24 of 2nd period - Shot Misses the Net.
2:26 of 2nd period - Shot by Rickard Rakell.
2:26 of 2nd period - Shot Misses the Net.
2:38 of 2nd period - Shot by Cody Eakin.
2:38 of 2nd period - Shot Misses the Net.
2:40 of 2nd period - Shot by Michael Bunting.
2:40 of 2nd period - Shot Misses the Net.
2:47 of 2nd period - Icing by Moritz Seider.
2:48 of 2nd period - Mikael Backlund wins face-off versus Tyler Seguin in MONTREAL Canadiens zone.
2:54 of 2nd period - Shot by Carter Verhaeghe.
2:54 of 2nd period - Stopped by Sergei Bobrovsky without a rebound.
2:55 of 2nd period - Mikael Backlund wins face-off versus Jake Guentzel in MONTREAL Canadiens zone.
3:08 of 2nd period - Shot by Dakota Mermis.
3:08 of 2nd period - Stopped by Jake Allen without a rebound.
3:09 of 2nd period - Brett Howden wins face-off versus Mark Scheifele in FLORIDA Panthers zone.
3:09 of 2nd period - Phil Kessel is hit by Mario Ferraro and loses puck.
3:32 of 2nd period - Shot by Phil Kessel.
3:32 of 2nd period - Shot Hit the Post.
3:34 of 2nd period - Shot by Matthew Benning.
3:34 of 2nd period - Shot Blocked by Mario Ferraro.
3:36 of 2nd period - Shot by Kyle Capobianco.
3:36 of 2nd period - Shot Misses the Net.
3:38 of 2nd period - Shot by Matthew Benning.
3:38 of 2nd period - Goal by Matthew Benning - MONTREAL Canadiens : 2 - FLORIDA Panthers : 3.
3:39 of 2nd period - Barclay Goodrow wins face-off versus Jake Guentzel in neutral zone.
3:44 of 2nd period - Shot by Barclay Goodrow.
3:44 of 2nd period - Goal by Barclay Goodrow - MONTREAL Canadiens : 2 - FLORIDA Panthers : 4.
3:44 of 2nd period - Kevin Lankinen enters game.
3:45 of 2nd period - Evgeni Malkin wins face-off versus Carter Verhaeghe in neutral zone.
3:50 of 2nd period - Shot by Jake Guentzel.
3:50 of 2nd period - Stopped by Jake Allen without a rebound.
3:51 of 2nd period - Mark Scheifele wins face-off versus Jake Guentzel in FLORIDA Panthers zone.
4:10 of 2nd period - Shot by Boone Jenner.
4:10 of 2nd period - Shot Blocked by Jared Spurgeon .
4:26 of 2nd period - Shot by Boone Jenner.
4:26 of 2nd period - Stopped by Jake Allen without a rebound.
4:27 of 2nd period - Tyler Seguin wins face-off versus Mikael Backlund in FLORIDA Panthers zone.
4:27 of 2nd period - Moritz Seider is hit by Mario Ferraro and loses puck.
4:40 of 2nd period - Shot by Cam Atkinson.
4:40 of 2nd period - Deflect By Tyler Seguin.
4:40 of 2nd period - Goal by Tyler Seguin - MONTREAL Canadiens : 3 - FLORIDA Panthers : 4.
4:41 of 2nd period - Morgan Geekie wins face-off versus Joe Veleno in neutral zone.
4:47 of 2nd period - Icing by Matthew Benning.
4:48 of 2nd period - Joe Veleno wins face-off versus Mark Scheifele in MONTREAL Canadiens zone.
4:52 of 2nd period - Matthew Benning is hit by Noah Hanifin and loses puck.
5:42 of 2nd period - Icing by Noah Hanifin.
5:43 of 2nd period - Jake Guentzel wins face-off versus Mark Scheifele in FLORIDA Panthers zone.
5:43 of 2nd period - Tyson Barrie is hit by Noah Hanifin and loses puck.
5:47 of 2nd period - Icing by Jared Spurgeon .
5:48 of 2nd period - Nikolay Goldobin wins face-off versus Jake Guentzel in FLORIDA Panthers zone.
5:58 of 2nd period - Icing by Tyson Barrie.
5:59 of 2nd period - Mikael Backlund wins face-off versus Jake Guentzel in MONTREAL Canadiens zone.
6:08 of 2nd period - Shot by Carter Verhaeghe.
6:08 of 2nd period - Stopped by Kevin Lankinen with a rebound.
6:16 of 2nd period - Shot by Jake Guentzel.
6:16 of 2nd period - Shot Misses the Net.
6:17 of 2nd period - Minor Penalty to Mario Ferraro for Holding.
6:18 of 2nd period - Mark Scheifele wins face-off versus Patrick Kane in FLORIDA Panthers zone.
7:23 of 2nd period - Shot by Boone Jenner.
7:23 of 2nd period - Stopped by Jake Allen without a rebound.
7:24 of 2nd period - Tyler Seguin wins face-off versus Mikael Backlund in FLORIDA Panthers zone.
8:20 of 2nd period - Tyson Barrie is hit by Jacob Trouba and loses puck.
8:33 of 2nd period - Connor Timmins is hit by Michael Pezzetta and loses puck.
10:45 of 2nd period - Off-side.
10:46 of 2nd period - Jake Guentzel wins face-off versus Morgan Geekie in neutral zone.
11:08 of 2nd period - Icing by Mario Ferraro.
11:09 of 2nd period - Tyler Seguin wins face-off versus Morgan Geekie in FLORIDA Panthers zone.
11:20 of 2nd period - Mario Ferraro is hit by Tyler Seguin and loses puck.
11:47 of 2nd period - Shot by Tyler Seguin.
11:47 of 2nd period - Stopped by Jake Allen without a rebound.
11:48 of 2nd period - Mark Scheifele wins face-off versus Jake Guentzel in FLORIDA Panthers zone.
11:48 of 2nd period - Mark Scheifele is hit by Boone Jenner.
12:02 of 2nd period - Shot by Evgeni Malkin.
12:02 of 2nd period - Stopped by Jake Allen without a rebound.
12:03 of 2nd period - Isac Lundestrom wins face-off versus Mikael Backlund in FLORIDA Panthers zone.
12:03 of 2nd period - Dakota Mermis is hit by Jacob Trouba and loses puck.
12:19 of 2nd period - Icing by Connor Timmins.
12:20 of 2nd period - Mikael Backlund wins face-off versus Tyler Seguin in FLORIDA Panthers zone.
12:29 of 2nd period - Cam Atkinson is hit by Mikael Backlund and loses puck.
12:51 of 2nd period - Shot by Connor Timmins.
12:51 of 2nd period - Shot Misses the Net.
12:53 of 2nd period - Shot by Mikael Backlund.
12:53 of 2nd period - Shot Misses the Net.
14:06 of 2nd period - Icing by Jared Spurgeon .
14:07 of 2nd period - Joe Veleno wins face-off versus Mark Scheifele in FLORIDA Panthers zone.
14:12 of 2nd period - Shot by Kailer Yamamoto.
14:12 of 2nd period - Shot Misses the Net.
14:31 of 2nd period - Shot by Isac Lundestrom.
14:31 of 2nd period - Deflect By Kailer Yamamoto.
14:31 of 2nd period - Shot Blocked by Jared Spurgeon .
14:37 of 2nd period - Shot by Isac Lundestrom.
14:37 of 2nd period - Stopped by Jake Allen without a rebound.
14:38 of 2nd period - Mikael Backlund wins face-off versus Tyler Seguin in FLORIDA Panthers zone.
14:42 of 2nd period - Off-side.
14:43 of 2nd period - Mikael Backlund wins face-off versus Tyler Seguin in neutral zone.
15:02 of 2nd period - Icing by Patrick Kane.
15:03 of 2nd period - Tyler Seguin wins face-off versus Cody Eakin in MONTREAL Canadiens zone.
15:21 of 2nd period - Minor Penalty to Jacob Trouba for Hooking.
15:21 of 2nd period - Minor Penalty to Tyler Seguin for Tripping.
15:22 of 2nd period - Patrick Kane wins face-off versus Mark Scheifele in FLORIDA Panthers zone.
15:43 of 2nd period - Shot by Kiril Kaprizov.
15:43 of 2nd period - Shot Misses the Net.
15:55 of 2nd period - Shot by Evgeni Malkin.
15:55 of 2nd period - Stopped by Jake Allen without a rebound.
15:56 of 2nd period - Patrick Kane wins face-off versus Mikael Backlund in FLORIDA Panthers zone.
16:35 of 2nd period - Shot by Justin Scott.
16:35 of 2nd period - Shot Blocked by Tyson Barrie.
16:37 of 2nd period - Shot by Justin Scott.
16:37 of 2nd period - Goal by Justin Scott - MONTREAL Canadiens : 3 - FLORIDA Panthers : 5.
16:38 of 2nd period - Cam Atkinson wins face-off versus Kiril Kaprizov in neutral zone.
16:51 of 2nd period - Shot by Kiril Kaprizov.
16:51 of 2nd period - Shot Misses the Net.
16:53 of 2nd period - Shot by Mario Ferraro.
16:53 of 2nd period - Stopped by Kevin Lankinen without a rebound.
16:54 of 2nd period - Patrick Kane wins face-off versus Mark Scheifele in MONTREAL Canadiens zone.
17:28 of 2nd period - Rickard Rakell is hit by Matthew Benning and loses puck.
17:32 of 2nd period - Cody Eakin is hit by Kyle Capobianco.
17:42 of 2nd period - Shot by Michael Bunting.
17:42 of 2nd period - Deflect By Cody Eakin.
17:42 of 2nd period - Stopped by Kevin Lankinen without a rebound.
17:42 of 2nd period - Minor Penalty to Kyle Capobianco for Slashing.
17:43 of 2nd period - Mikael Backlund wins face-off versus Tyler Seguin in MONTREAL Canadiens zone.
18:16 of 2nd period - Shot by Noah Hanifin.
18:16 of 2nd period - Stopped by Kevin Lankinen with a rebound.
18:30 of 2nd period - Cam Atkinson is hit by Justin Scott and loses puck.
18:53 of 2nd period - Off-side.
18:54 of 2nd period - Patrick Kane wins face-off versus Mark Scheifele in neutral zone.
19:15 of 2nd period - Shot by Kiril Kaprizov.
19:15 of 2nd period - Shot Misses the Net.
Goals for this period are 2 for MONTREAL Canadiens vs 2 for FLORIDA Panthers.
Shots for this period are 11 for MONTREAL Canadiens vs 8 for FLORIDA Panthers.

3rd period


0:01 of 3rd period - Mark Scheifele wins face-off versus Tyler Seguin in neutral zone.
0:03 of 3rd period - Nikolay Goldobin is hit by Moritz Seider.
0:04 of 3rd period - Minor Penalty to Moritz Seider for Tripping.
0:05 of 3rd period - Mark Scheifele wins face-off versus Patrick Kane in MONTREAL Canadiens zone.
1:07 of 3rd period - Tyson Barrie is hit by Justin Scott and loses puck.
1:59 of 3rd period - Kiril Kaprizov is hit by Dakota Mermis and loses puck.
2:02 of 3rd period - Shot by Nikolay Goldobin.
2:02 of 3rd period - Goal by Nikolay Goldobin - MONTREAL Canadiens : 3 - FLORIDA Panthers : 6.
2:03 of 3rd period - Mikael Backlund wins face-off versus Isac Lundestrom in neutral zone.
2:29 of 3rd period - Barclay Goodrow is hit by Isac Lundestrom and loses puck.
2:38 of 3rd period - Shot by Isac Lundestrom.
2:38 of 3rd period - Shot Misses the Net.
2:40 of 3rd period - Shot by Isac Lundestrom.
2:40 of 3rd period - Stopped by Jake Allen without a rebound.
2:41 of 3rd period - Brett Howden wins face-off versus Cody Eakin in FLORIDA Panthers zone.
2:58 of 3rd period - Off-side.
2:59 of 3rd period - Mark Scheifele wins face-off versus Tyler Seguin in neutral zone.
3:06 of 3rd period - Shot by Kiril Kaprizov.
3:06 of 3rd period - Deflect By Nikolay Goldobin.
3:06 of 3rd period - Shot Blocked by Cam Atkinson.
3:08 of 3rd period - Shot by Jared Spurgeon .
3:08 of 3rd period - Stopped by Kevin Lankinen without a rebound.
3:09 of 3rd period - Isac Lundestrom wins face-off versus Mark Scheifele in MONTREAL Canadiens zone.
3:09 of 3rd period - Minor Penalty to Kiril Kaprizov for Goalie Interference.
3:10 of 3rd period - Tyler Seguin wins face-off versus Mark Scheifele in FLORIDA Panthers zone.
3:10 of 3rd period - Tyler Seguin is hit by Jared Spurgeon .
3:12 of 3rd period - Shot by Justin Faulk.
3:12 of 3rd period - Deflect By Tyler Seguin.
3:12 of 3rd period - Shot Blocked by Jared Spurgeon .
4:27 of 3rd period - Shot by Patrick Kane.
4:27 of 3rd period - Stopped by Jake Allen without a rebound.
4:28 of 3rd period - Patrick Kane wins face-off versus Mark Scheifele in FLORIDA Panthers zone.
4:37 of 3rd period - Shot by Moritz Seider.
4:37 of 3rd period - Shot Misses the Net.
4:41 of 3rd period - Shot by Cam Atkinson.
4:41 of 3rd period - Goal by Cam Atkinson - MONTREAL Canadiens : 4 - FLORIDA Panthers : 6.
4:42 of 3rd period - Morgan Geekie wins face-off versus Joe Veleno in neutral zone.
4:45 of 3rd period - Matthew Benning is hit by Justin Scott and loses puck.
4:56 of 3rd period - Shot by Isac Lundestrom.
4:56 of 3rd period - Shot Misses the Net.
5:36 of 3rd period - Icing by Mario Ferraro.
5:37 of 3rd period - Morgan Geekie wins face-off versus Tyler Seguin in FLORIDA Panthers zone.
6:54 of 3rd period - Shot by Boone Jenner.
6:54 of 3rd period - Shot Misses the Net.
7:02 of 3rd period - Shot by Kiril Kaprizov.
7:02 of 3rd period - Stopped by Kevin Lankinen without a rebound.
7:03 of 3rd period - Brett Howden wins face-off versus Cody Eakin in MONTREAL Canadiens zone.
7:13 of 3rd period - Phil Kessel is hit by Jacob Trouba and loses puck.
7:19 of 3rd period - Brett Howden is hit by Jacob Trouba and loses puck.
7:25 of 3rd period - Phil Kessel is hit by Jacob Trouba and loses puck.
7:44 of 3rd period - Shot by Brett Howden.
7:44 of 3rd period - Shot Misses the Net.
7:46 of 3rd period - Shot by Michael Pezzetta.
7:46 of 3rd period - Stopped by Jake Allen without a rebound.
7:47 of 3rd period - Tyler Seguin wins face-off versus Mark Scheifele in FLORIDA Panthers zone.
7:54 of 3rd period - Shot by Mark Scheifele.
7:54 of 3rd period - Deflect By Nikolay Goldobin.
7:54 of 3rd period - Shot Blocked by Tyson Barrie.
8:05 of 3rd period - Icing by Moritz Seider.
8:06 of 3rd period - Tyler Seguin wins face-off versus Mikael Backlund in MONTREAL Canadiens zone.
9:07 of 3rd period - Icing by Kiril Kaprizov.
9:08 of 3rd period - Mark Scheifele wins face-off versus Jake Guentzel in FLORIDA Panthers zone.
9:08 of 3rd period - Mark Scheifele is hit by Boone Jenner.
9:11 of 3rd period - Icing by Nikolay Goldobin.
9:12 of 3rd period - Mark Scheifele wins face-off versus Jake Guentzel in FLORIDA Panthers zone.
9:29 of 3rd period - Shot by Evgeni Malkin.
9:29 of 3rd period - Stopped by Jake Allen without a rebound.
9:30 of 3rd period - Joe Veleno wins face-off versus Cody Eakin in FLORIDA Panthers zone.
11:53 of 3rd period - Shot by Patrick Kane.
11:53 of 3rd period - Stopped by Jake Allen without a rebound.
11:54 of 3rd period - Mikael Backlund wins face-off versus Phil Kessel in FLORIDA Panthers zone.
12:26 of 3rd period - Icing by Phil Kessel.
12:27 of 3rd period - Cody Eakin wins face-off versus Brett Howden in MONTREAL Canadiens zone.
12:30 of 3rd period - Shot by Michael Bunting.
12:30 of 3rd period - Stopped by Kevin Lankinen without a rebound.
12:31 of 3rd period - Michael Bunting wins face-off versus Tyler Seguin in MONTREAL Canadiens zone.
12:47 of 3rd period - Michael Bunting is hit by Moritz Seider and loses puck.
13:04 of 3rd period - Shot by Cody Eakin.
13:04 of 3rd period - Shot Misses the Net.
13:19 of 3rd period - Icing by Tyson Barrie.
13:20 of 3rd period - Mikael Backlund wins face-off versus Tyler Seguin in MONTREAL Canadiens zone.
13:27 of 3rd period - Shot by Mikael Backlund.
13:27 of 3rd period - Stopped by Kevin Lankinen without a rebound.
13:28 of 3rd period - Jake Guentzel wins face-off versus Mikael Backlund in MONTREAL Canadiens zone.
13:28 of 3rd period - Jake Guentzel is hit by Barclay Goodrow.
14:12 of 3rd period - Shot by Boone Jenner.
14:12 of 3rd period - Shot Blocked by Jared Spurgeon .
14:38 of 3rd period - Shot by Kailer Yamamoto.
14:38 of 3rd period - Stopped by Jake Allen without a rebound.
14:39 of 3rd period - Tyler Seguin wins face-off versus Mark Scheifele in FLORIDA Panthers zone.
14:47 of 3rd period - Icing by Mark Scheifele.
14:48 of 3rd period - Mark Scheifele wins face-off versus Tyler Seguin in FLORIDA Panthers zone.
15:03 of 3rd period - Shot by Cam Atkinson.
15:03 of 3rd period - Deflect By Patrick Kane.
15:03 of 3rd period - Stopped by Jake Allen without a rebound.
15:04 of 3rd period - Cody Eakin wins face-off versus Jake Guentzel in FLORIDA Panthers zone.
15:10 of 3rd period - Off-side.
15:11 of 3rd period - Mark Scheifele wins face-off versus Jake Guentzel in neutral zone.
15:25 of 3rd period - Icing by Justin Faulk.
15:26 of 3rd period - Morgan Geekie wins face-off versus Jake Guentzel in MONTREAL Canadiens zone.
15:26 of 3rd period - Noah Hanifin is hit by Dakota Mermis and loses puck.
16:29 of 3rd period - Mark Scheifele is hit by Tyler Seguin and loses puck.
17:04 of 3rd period - Icing by Mark Scheifele.
17:05 of 3rd period - Nikolay Goldobin wins face-off versus Joe Veleno in FLORIDA Panthers zone.
17:18 of 3rd period - Shot by Kailer Yamamoto.
17:18 of 3rd period - Deflect By Joe Veleno.
17:18 of 3rd period - Shot Misses the Net.
17:20 of 3rd period - Shot by Matthew Benning.
17:20 of 3rd period - Shot Misses the Net.
17:22 of 3rd period - Shot by Isac Lundestrom.
17:22 of 3rd period - Shot Misses the Net.
17:24 of 3rd period - Shot by Isac Lundestrom.
17:24 of 3rd period - Shot Misses the Net.
17:52 of 3rd period - Nikolay Goldobin is hit by Joe Veleno and loses puck.
18:35 of 3rd period - Shot by Mikael Backlund.
18:35 of 3rd period - Shot Misses the Net.
18:37 of 3rd period - Shot by Noah Hanifin.
18:37 of 3rd period - Stopped by Kevin Lankinen without a rebound.
18:38 of 3rd period - Tyler Seguin wins face-off versus Cody Eakin in MONTREAL Canadiens zone.
18:38 of 3rd period - Tyler Seguin is hit by Rickard Rakell.
18:52 of 3rd period - Shot by Cam Atkinson.
18:52 of 3rd period - Shot Misses the Net.
18:54 of 3rd period - Shot by Cam Atkinson.
18:54 of 3rd period - Shot Misses the Net.
19:24 of 3rd period - Shot by Tyler Seguin.
19:24 of 3rd period - Stopped by Jake Allen without a rebound.
19:25 of 3rd period - Mikael Backlund wins face-off versus Jake Guentzel in FLORIDA Panthers zone.
19:46 of 3rd period - Shot by Mikael Backlund.
19:46 of 3rd period - Goal by Mikael Backlund - MONTREAL Canadiens : 4 - FLORIDA Panthers : 7.
19:47 of 3rd period - Joe Veleno wins face-off versus Morgan Geekie in neutral zone.
19:58 of 3rd period - Shot by Matthew Benning.
19:58 of 3rd period - Stopped by Jake Allen without a rebound.
19:59 of 3rd period - Mikael Backlund wins face-off versus Jake Guentzel in FLORIDA Panthers zone.
Goals for this period are 1 for MONTREAL Canadiens vs 2 for FLORIDA Panthers.
Shots for this period are 10 for MONTREAL Canadiens vs 7 for FLORIDA Panthers.